 Dungeon Crawl Stone Soup version 0.29.1-12-g30fa7ad0bf (webtiles) character file.

Game seed: 15077331148895723410

6 LustLizard the Shooter (level 1, 0/10 HPs)
             Began as a Spriggan Hunter on Dec 25, 2022.
             Succumbed to an adder's poison
             ... on level 2 of the Dungeon.
             The game lasted 00:00:38 (447 turns).

LustLizard the Shooter (Spriggan Hunter)             Turns: 447, Time: 00:00:39

Health: 0/10       AC:  3    Str:  7    XL:     1   Next: 75%
Magic:  2/2        EV: 17    Int: 10    God:
Gold:   8          SH:  0    Dex: 18    Spells: 0/0 levels left

rFire   . . .      SeeInvis +   a - +0 shortbow
rCold   . . .      Faith    .   (shield currently unavailable)
rNeg    . . .      Spirit   .   c - +0 robe
rPois   .          Reflect  .   (helmet restricted)
rElec   .          Harm     .   g - +0 cloak
rCorr   +          Rampage  .   (gloves unavailable)
Will    .....                   (boots unavailable)
Stlth   ++........              (no amulet)
HPRegen 0.03/turn               f - ring of resist corrosion
MPRegen 0.08/turn               (no ring)

@: lethally poisoned (0 -> -4), very quick
A: very small, no large weapons, unfitting armour, see invisible, speed 3
a: no special abilities


You were on level 2 of the Dungeon.
You visited 1 branch of the dungeon, and saw 2 of its levels.

You collected 8 gold pieces.

Inventory:

Hand Weapons
 a - a +0 shortbow (weapon)
Armour
 c - a +0 robe (worn)
 g - a +0 cloak (worn)
Jewellery
 f - a ring of resist corrosion (left hand)
Scrolls
 b - a scroll of immolation
Potions
 d - a potion of resistance {unknown}
 e - a potion of haste {unknown}


   Skills:
 - Level 1.5 Fighting
 * Level 4.2 Ranged Weapons
 - Level 2.6 Dodging
 + Level 2.2 Stealth


You couldn't memorise any spells.
You didn't know any spells.
Your spell library was empty.

Dungeon Overview and Level Annotations

Branches:
Dungeon (2/15)

Altars:


Innate Abilities, Weirdness & Mutations

You are very small and have problems with some larger weapons.
You are too small for most types of armour.
You have supernaturally acute eyesight. (SInv)
You cover ground extremely quickly. (Speed+++)


Message History

You close the door.
You start resting.
HP restored.
You open the door.
There is an open door here.
There is an open door here.
You shoot an arrow. The arrow closely misses the adder.
The adder hisses angrily.
You shoot an arrow. The arrow barely misses the adder.
You shoot an arrow. The arrow misses the adder.
You shoot an arrow.
The arrow hits the adder but does no damage.
The adder closely misses you. The adder barely misses you.
You shoot an arrow. The arrow closely misses the adder.
The adder bites you but does no damage. The adder bites you.
You shoot an arrow. The arrow closely misses the adder.
The adder closely misses you.
You shoot an arrow. The arrow misses the adder.
The adder misses you. x2
You shoot an arrow. The arrow misses the adder.
The adder bites you but does no damage. The adder closely misses you.
You shoot an arrow. The arrow closely misses the adder.
The adder misses you.
You shoot an arrow. The arrow closely misses the adder.
The adder closely misses you. The adder bites you but does no damage.
You shoot an arrow. The arrow barely misses the adder.
The adder misses you. The adder bites you but does no damage.
You shoot an arrow. The arrow hits the adder.
The adder is moderately wounded.
The adder barely misses you.
You shoot an arrow. The arrow barely misses the adder.
The adder bites you. x2
You shoot an arrow. The arrow hits the adder.
The adder is severely wounded.
The adder misses you. The adder bites you.
* * * LOW HITPOINT WARNING * * *
You are lethally poisoned!
The adder poisons you!
You are too injured to fight recklessly!
You are too injured to fight recklessly!
* * * LOW HITPOINT WARNING * * *
You feel sick.
You die...

....... ..
....... ..
....... .
.......#.
........#####
......รท.....#
#S....#
#.....#
#..@..#
#.....#
####'## #.#
#.# #.#
#######'##
#........####
#...........##
#.#


You could see an adder.

Vanquished Creatures
  An endoplasm (D:1)
  A quokka (D:2)
  3 ball pythons
  A frilled lizard (D:2)
6 creatures vanquished.

Notes
Turn   | Place    | Note
-------+----------+-------------------------------------------
     0 | D:1      | LustLizard the Spriggan Hunter began the quest for the Orb.
     0 | D:1      | Reached XP level 1. HP: 10/10 MP: 2/2
   106 | D:1      | You fall into a shaft and drop 1 floor!
   447 | D:2      | Succumbed to an adder's poison

Illustrated notes

Levels and vault maps discovered:
D:1:      co_arrival_square_in_a_square_in_a_square, layout_basic
D:2:      layout_basic, feat_on_display

Skill      XL: |  1 |
---------------+----+-----
Stealth        | 2 |  2.2
Fighting       | |  1.5
Ranged Weapons | |  4.2
Dodging        | |  2.6

Action                   || total
-------------------------++-------
 Fire: Shortbow          ||    28
Armor: Robe              ||     8
Dodge: Dodged            ||    18
